[Event "Titled Tuesday Blitz December 7 2021"]
[White "Ivanchuk, Vasyl"]
[Black "Xiong, Jeffery"]
[WhiteFideId "14100010"]
[BlackFideId "2047640"]
[WhiteElo "2710"]
[BlackElo "2727"]
[Result "0-1"]
[Round "04"]
[TimeControl "180+1"]
[Date "2021.12.07"]
[WhiteClock "0:00:01"]
[BlackClock "0:01:00"]

1. d4 Nf6 2. Nf3 d5 3. c4 e6 4. Nc3 dxc4 5. e3 a6 6. a4 c5 7. Bxc4 Nc6 8. O-O Be7 9. dxc5 Qxd1 10. Rxd1 Bxc5 11. Bd3 O-O 12. Ne4 Be7 13. b3 Rd8 14. Nxf6+ Bxf6 15. Rb1 Nb4 16. Be2 Rxd1+ 17. Bxd1 Bd7 18. Bd2 Na2 19. Nd4 Rc8 20. Bf3 Bxd4 21. exd4 Bc6 22. Rb2 Bxf3 23. Rxa2 Bd1 24. Rb2 Rc2 25. Rxc2 Bxc2 26. a5 Bxb3 27. Bb4 f6 28. f3 Kf7 29. Kf2 g5 30. Bc5 h5 31. Bb6 Bd5 32. Ke3 Ke8 33. Kf2 Kd7 34. Ke3 f5 35. g3 Kc6 36. f4 g4 37. Kd2 Bc4 38. Ke3 Kd5 39. Bc5 Bb5 40. Bb6 Bc6 41. Bc5 b5 42. axb6 Kc4 43. Kd2 a5 44. Kc2 Be4+ 45. Kb2 Kd3 46. Kb3 Ke2 47. Ka4 Kf3 48. Kxa5 Kg2 49. Ka6 Kxh2 50. b7 Bxb7+ 51. Kxb7 Kxg3 52. Kc6 h4 53. Kd6 h3 54. Kxe6 h2 55. d5 h1=Q 56. d6 Qe4+ 57. Kf6 Kxf4 58. Ba3 Qd5 0-1


[Site "https://www.chess.com"]

[Event "Titled Tuesday Blitz December 7 2021"]
[White "Jaracz, Pawel"]
[Black "Ronka, Erik"]
[WhiteFideId "1102222"]
[BlackFideId "505080"]
[WhiteElo "2473"]
[BlackElo "2264"]
[Result "1-0"]
[Round "04"]
[TimeControl "180+1"]
[Date "2021.12.07"]
[WhiteClock "0:00:10"]
[BlackClock "0:00:04"]

1. d4 d5 2. c4 e6 3. Nc3 a6 4. cxd5 exd5 5. Nf3 Nf6 6. Bg5 Be6 7. e3 Nbd7 8. Be2 h6 9. Bh4 g5 10. Bg3 Nh5 11. Nd2 Nxg3 12. hxg3 c6 13. g4 Bg7 14. Nf1 Nf6 15. Ng3 b5 16. f3 Qe7 17. Qc2 c5 18. dxc5 Qxc5 19. Qd2 Rd8 20. Rd1 O-O 21. O-O Rfe8 22. Rfe1 b4 23. Na4 Qd6 24. Nf1 Nd7 25. Bd3 a5 26. Bb1 Ne5 27. b3 Ng6 28. Bxg6 fxg6 29. Nb2 Bc3 30. Qc2 Kh7 31. Re2 d4 32. e4 Bc8 33. Nd3 Ba6 34. g3 Rc8 35. Kg2 Qf6 36. Nh2 Rf8 37. Qb1 Bb7 38. Rf2 a4 39. Rdf1 a3 40. Qd1 Ba6 41. Rh1 Kg7 42. Re2 Qb6 43. Rf2 Qb5 44. Nc1 d3 45. Nf1 Bd4 46. Rd2 Qb6 47. Nxd3 Bc3 48. Nf2 Bxd2 49. Qxd2 Rcd8 50. Qe1 Qc5 51. Ne3 Qc3 52. Nd5 Qxe1 53. Rxe1 Bb7 54. Nxb4 Rd2 55. Re3 Rb8 56. Kf1 Bc8 57. Nfd3 1-0


[Site "https://www.chess.com"]

[Event "Titled Tuesday Blitz December 7 2021"]
[White "Kamsky, Gata"]
[Black "Mirzoev, Azer"]
[WhiteFideId "2000024"]
[BlackFideId "13400304"]
[WhiteElo "2645"]
[BlackElo "2525"]
[Result "1/2-1/2"]
[Round "04"]
[TimeControl "180+1"]
[Date "2021.12.07"]
[WhiteClock "0:00:20"]
[BlackClock "0:00:25"]

1. d4 d5 2. Bf4 Nf6 3. e3 Bf5 4. c4 c6 5. Nc3 e6 6. Qb3 Qc8 7. Rc1 a6 8. Nf3 Nbd7 9. Be2 Be7 10. O-O O-O 11. cxd5 exd5 12. h3 h6 13. Ne1 Be6 14. Qd1 Ne4 15. Nd3 Nxc3 16. Rxc3 Nf6 17. b4 Bf5 18. Qb3 Ne4 19. Rc2 Nd6 20. a4 Nc4 21. a5 Re8 22. Rd1 Bg5 23. Bg3 Bxe3 24. fxe3 Nxe3 25. Bf2 Nxc2 26. Qxc2 Qe6 27. Bf1 Qg6 28. Qc3 Bxh3 29. Nf4 Qg4 30. Rd3 Qxf4 31. Rxh3 Re4 32. Rf3 Qg5 33. Bd3 Rg4 34. g3 Re8 35. Bf5 1/2-1/2


[Site "https://www.chess.com"]

[Event "Titled Tuesday Blitz December 7 2021"]
[White "Khanin, Semen"]
[Black "Bilan, Danila"]
[WhiteFideId "4111990"]
[BlackFideId "24161918"]
[WhiteElo "2442"]
[BlackElo "2164"]
[Result "1-0"]
[Round "04"]
[TimeControl "180+1"]
[Date "2021.12.07"]
[WhiteClock "0:00:38"]
[BlackClock "0:00:03"]

1. c4 c6 2. g3 d5 3. Bg2 Nf6 4. Nf3 Bf5 5. b3 e6 6. Bb2 h6 7. O-O Nbd7 8. d3 Bc5 9. Nbd2 O-O 10. Qc2 Qe7 11. a3 a5 12. Rfe1 e5 13. e4 dxe4 14. dxe4 Bh7 15. Qc3 Rfe8 16. h3 Rad8 17. Qxa5 Bb6 18. Qb4 Bc5 19. Qc3 Ba7 20. b4 Bb8 21. c5 Nf8 22. Qe3 N6d7 23. Nc4 Ne6 24. Rad1 f6 25. Nd6 Bxd6 26. Rxd6 Ndf8 27. Red1 Kh8 28. Bf1 Bg8 29. Nh4 Bf7 30. Nf5 Qc7 31. h4 Rxd6 32. Nxd6 Rd8 33. Bc4 Bg8 34. h5 Qe7 35. Rd2 Qc7 36. a4 Qe7 37. a5 Qc7 38. Nf5 Rxd2 39. Qxd2 Ng5 40. Qd3 Bxc4 41. Qxc4 Nfe6 42. Qd3 Nd4 43. Bxd4 exd4 44. Nxd4 Qf7 45. f4 Nh3+ 46. Kg2 Qxh5 47. Qf3 1-0


[Site "https://www.chess.com"]

[Event "Titled Tuesday Blitz December 7 2021"]
[White "Kislinsky, Alexey"]
[Black "Jobava, Baadur"]
[WhiteFideId "14108801"]
[BlackFideId "13601520"]
[WhiteElo "2335"]
[BlackElo "2689"]
[Result "0-1"]
[Round "04"]
[TimeControl "180+1"]
[Date "2021.12.07"]
[WhiteClock "0:00:45"]
[BlackClock "0:00:57"]

1. e4 e6 2. d4 d5 3. Nd2 dxe4 4. Nxe4 Bd7 5. Nf3 Bc6 6. Neg5 Nd7 7. Bc4 Qe7 8. Qe2 O-O-O 9. c3 Ngf6 10. h4 h6 11. Nh3 e5 12. dxe5 Bxf3 13. gxf3 Nxe5 14. Be3 Nxc4 15. Qxc4 Nd5 16. O-O-O Nxe3 17. Rxd8+ Kxd8 18. Qd4+ Nd5 19. Qxd5+ Kc8 20. Rd1 Qe8 21. Qf5+ Qe6 22. Qxe6+ fxe6 23. Nf4 Be7 24. Ng6 Re8 25. Nxe7+ Rxe7 26. Rg1 Rf7 27. Rxg7 Rxg7 0-1


[Site "https://www.chess.com"]

[Event "Titled Tuesday Blitz December 7 2021"]
[White "Kosteniuk, Alexandra"]
[Black "Vusatiuk, Vladimir"]
[WhiteFideId "4128125"]
[BlackFideId "14118610"]
[WhiteElo "2475"]
[BlackElo "2157"]
[Result "1-0"]
[Round "04"]
[TimeControl "180+1"]
[Date "2021.12.07"]
[WhiteClock "0:00:26"]
[BlackClock "0:00:03"]

1. e4 c5 2. c3 Nf6 3. e5 Nd5 4. d4 cxd4 5. Nf3 Nc6 6. cxd4 g6 7. Bc4 Nb6 8. Bb3 Bg7 9. Nc3 O-O 10. Bf4 d6 11. h3 Bf5 12. O-O Na5 13. Bc2 Bxc2 14. Qxc2 Rc8 15. Rad1 dxe5 16. dxe5 Qc7 17. Qc1 e6 18. Rfe1 a6 19. Bh6 Rfd8 20. Bxg7 Kxg7 21. h4 Nd5 22. h5 Qe7 23. h6+ Kg8 24. Ng5 Nxc3 25. bxc3 Nc4 26. Qf4 Nb6 27. Rxd8+ Rxd8 28. c4 Nxc4 29. Nxf7 Qxf7 30. Qxc4 b5 31. Qc6 Rf8 32. Re2 Qf5 33. g3 Qb1+ 34. Kg2 Qf5 35. f4 Kh8 36. Rd2 Qh5 37. Qxe6 Qxh6 38. Qe7 Qg7 39. Qxg7+ Kxg7 40. Rd7+ Rf7 41. e6 1-0


[Site "https://www.chess.com"]

[Event "Titled Tuesday Blitz December 7 2021"]
[White "Krivonosov, Oleg"]
[Black "Sviridov, Valery"]
[WhiteFideId "11600349"]
[BlackFideId "4120680"]
[WhiteElo "2469"]
[BlackElo "2454"]
[Result "1/2-1/2"]
[Round "04"]
[TimeControl "180+1"]
[Date "2021.12.07"]
[WhiteClock "0:00:44"]
[BlackClock "0:00:45"]

1. Nf3 d5 2. d4 c6 3. c4 Nf6 4. cxd5 cxd5 5. Nc3 Nc6 6. Bf4 a6 7. Rc1 Bf5 8. e3 h6 9. h3 e6 10. Qb3 Ra7 11. Be2 Bd6 12. Bxd6 Qxd6 13. O-O O-O 14. Na4 Ne4 15. Nc5 Nxc5 16. Rxc5 Be4 17. Qb6 Qb8 18. Rfc1 Ra8 19. Nd2 Bg6 20. Nb3 Re8 21. Na5 Nxa5 22. Rxa5 Re7 23. Rac5 Qd8 24. Qxd8+ Rxd8 25. Rc8 Rxc8 26. Rxc8+ Kh7 27. b4 f6 28. f3 e5 29. Kf2 exd4 30. exd4 Bb1 31. a4 Kg6 32. a5 Kf7 33. h4 g5 34. g3 gxh4 35. gxh4 Kg6 36. Bd1 Kh5 37. Rh8 Bh7 38. Rf8 Kxh4 39. Rxf6 h5 40. Rd6 Bg8 41. Bb3 Rc7 42. Bxd5 Bxd5 43. Rxd5 Rc4 44. b5 axb5 45. Rxb5 Rxd4 46. Rxb7 Ra4 47. Ra7 Ra2+ 48. Ke3 Kg3 49. a6 Ra3+ 50. Ke4 Ra4+ 51. Kd5 Kxf3 52. Ra8 h4 53. a7 h3 54. Rf8+ Kg2 55. a8=Q Rxa8 56. Rxa8 h2 57. Rg8+ Kf2 58. Rh8 Kg2 59. Rxh2+ Kxh2 1/2-1/2


[Site "https://www.chess.com"]

[Event "Titled Tuesday Blitz December 7 2021"]
[White "Kucuksari, Kaan"]
[Black "Brunner, Nicolas"]
[WhiteFideId "6380166"]
[BlackFideId "620246"]
[WhiteElo "2305"]
[BlackElo "2372"]
[Result "0-1"]
[Round "04"]
[TimeControl "180+1"]
[Date "2021.12.07"]
[WhiteClock "0:00:17"]
[BlackClock "0:00:22"]

1. d4 d5 2. c4 e6 3. Nf3 Nf6 4. g3 dxc4 5. Bg2 c5 6. O-O Nc6 7. Qa4 Bd7 8. Qxc4 b5 9. Qd3 Rc8 10. dxc5 Bxc5 11. Qxb5 Nb4 12. Qb7 Nc2 13. Ne5 Nxa1 14. Rd1 Rc7 15. Qf3 O-O 16. Bg5 Bc6 17. Rxd8 Bxf3 18. Rxf8+ Bxf8 19. Bxf3 Nc2 20. Nc3 Nd4 21. Bg2 Bb4 22. Ne4 Nxe4 23. Bxe4 f6 24. Nd3 fxg5 25. Nxb4 Nxe2+ 26. Kg2 Nd4 27. Nd3 g6 28. b4 Rc2 29. a4 Ra2 30. a5 Kg7 31. Nc5 Rb2 32. Nd3 Rd2 33. a6 Ra2 34. Nc5 g4 35. Bd3 Rb2 36. b5 e5 37. Na4 Ra2 38. b6 axb6 39. a7 Rxa4 0-1


[Site "https://www.chess.com"]

[Event "Titled Tuesday Blitz December 7 2021"]
[White "Le, Tuan Minh"]
[Black "Bologan, Victor"]
[WhiteFideId "12401153"]
[BlackFideId "13900048"]
[WhiteElo "2450"]
[BlackElo "2472"]
[Result "0-1"]
[Round "04"]
[TimeControl "180+1"]
[Date "2021.12.07"]
[WhiteClock "0:00:03"]
[BlackClock "0:00:13"]

1. d4 Nf6 2. Nf3 e6 3. Bf4 b6 4. e3 Bb7 5. Bd3 Be7 6. h3 O-O 7. Nbd2 c5 8. c3 d5 9. O-O Ba6 10. Bxa6 Nxa6 11. Qa4 Qc8 12. Ne5 Qb7 13. Qc6 Rfb8 14. a4 Ne8 15. Rfd1 Bd6 16. Ndf3 f6 17. Qxb7 Rxb7 18. Nd3 c4 19. Nc1 Bxf4 20. exf4 Nd6 21. Re1 Kf7 22. Ne2 Nb8 23. g4 Nc6 24. Ng3 b5 25. axb5 Rxb5 26. Re2 Rab8 27. Rae1 Nd8 28. f5 exf5 29. Re7+ Kf8 30. Nxf5 Nxf5 31. gxf5 R5b7 32. Re8+ Kf7 33. Nh4 Nc6 34. R8e6 Ne7 35. Ra6 Rd7 36. Re2 Rb6 37. Ra1 Rdb7 38. Kg2 Rxb2 39. Rxb2 Rxb2 40. Rxa7 Rb3 41. Kf1 Rxc3 42. Ng2 Rf3 43. Ne3 Kf8 44. Kg2 Rxe3 45. fxe3 Nxf5 46. Kf3 Ne7 47. Rd7 Ke8 48. Ra7 Kf7 49. e4 Ke6 50. Ra6+ Kd7 51. Ra7+ Kd6 52. Ra6+ Nc6 53. Ke3 g5 54. Ra1 h5 55. Rf1 Ke7 56. exd5 Nb4 57. Ke4 c3 58. Rb1 c2 59. Rc1 Kd6 60. Kf5 Kxd5 61. Kxf6 g4 62. hxg4 hxg4 63. Kf5 g3 64. Kg4 g2 65. Kh3 Nd3 66. Ra1 Nf4+ 67. Kh2 Kxd4 68. Kg1 Kc3 69. Re1 Kd2 70. Ra1 c1=Q+ 71. Rxc1 Kxc1 72. Kf2 Kd2 73. Kg1 Ke2 74. Kh2 Kf1 0-1


[Site "https://www.chess.com"]

[Event "Titled Tuesday Blitz December 7 2021"]
[White "Leitao, Rafael"]
[Black "Lomaia, Diana"]
[WhiteFideId "2101246"]
[BlackFideId "13612476"]
[WhiteElo "2609"]
[BlackElo "1744"]
[Result "1-0"]
[Round "04"]
[TimeControl "180+1"]
[Date "2021.12.07"]
[WhiteClock "0:01:10"]
[BlackClock "0:01:19"]

1. c4 Nf6 2. Nc3 c5 3. Nf3 Nc6 4. e3 g6 5. d4 cxd4 6. exd4 d5 7. cxd5 Nxd5 8. Bc4 Nxc3 9. Qb3 Bg7 10. Bxf7+ Kf8 11. bxc3 Na5 12. Qd5 Qc7 13. O-O Bg4 14. Ng5 Rd8 15. Qe4 Bf5 16. Qf3 Qb6 17. Be6 Qc6 18. d5 Qxc3 19. Be3 Qf6 20. Bxf5 Qxf5 21. Ne6+ Kg8 22. Qxf5 gxf5 23. Nxd8 Bxa1 24. Rxa1 Kg7 25. Bd4+ 1-0


[Site "https://www.chess.com"]

[Event "Titled Tuesday Blitz December 7 2021"]
[White "Lewtak, Damian"]
[Black "Donchenko, Alexander"]
[WhiteFideId "1141724"]
[BlackFideId "24603295"]
[WhiteElo "2203"]
[BlackElo "2494"]
[Result "0-1"]
[Round "04"]
[TimeControl "180+1"]
[Date "2021.12.07"]
[WhiteClock "0:00:14"]
[BlackClock "0:00:46"]

1. a3 g6 2. g3 Bg7 3. Bg2 d5 4. d4 Nf6 5. Nf3 O-O 6. O-O Bf5 7. Nbd2 c6 8. b4 Nbd7 9. c4 Ne4 10. Bb2 Nxd2 11. Qxd2 Nb6 12. c5 Nc4 13. Qc1 Re8 14. Bc3 Be4 15. Rd1 Qc7 16. Nd2 Nxd2 17. Qxd2 Bxg2 18. Kxg2 e5 19. dxe5 Bxe5 20. Bxe5 Qxe5 21. e3 Qe4+ 22. Kg1 Qf3 23. Rdb1 h5 24. Qd1 Qe4 25. b5 Re6 26. Rb4 Qe5 27. Rab1 Rae8 28. Qd3 Rf6 29. Ra4 Ra8 30. bxc6 bxc6 31. Rb7 a5 32. Rf4 Rxf4 33. gxf4 Qe6 34. Qd4 Re8 35. Rc7 Qg4+ 36. Kf1 Qh3+ 37. Ke2 Qg4+ 38. Kf1 Rb8 39. Qd3 Qf3 40. Rxc6 Rb1+ 0-1


[Site "https://www.chess.com"]

[Event "Titled Tuesday Blitz December 7 2021"]
[White "Makhmudov, Shukhrat"]
[Black "Gurevich, Dmitry"]
[WhiteFideId "14200775"]
[BlackFideId "2000407"]
[WhiteElo "2135"]
[BlackElo "2506"]
[Result "0-1"]
[Round "04"]
[TimeControl "180+1"]
[Date "2021.12.07"]
[WhiteClock "0:00:06"]
[BlackClock "0:00:09"]

1. e4 c5 2. Nf3 d6 3. d4 cxd4 4. Nxd4 Nf6 5. Nc3 Nc6 6. Nb3 g6 7. Be2 Bg7 8. O-O a6 9. Be3 b5 10. a3 O-O 11. f3 Rb8 12. Nd5 Nxd5 13. exd5 Ne5 14. Bd4 Bb7 15. f4 Nc4 16. Bxc4 bxc4 17. Bxg7 Kxg7 18. Qd4+ Kg8 19. Qxc4 Qb6+ 20. Kh1 Rfc8 21. Qd3 Qb5 22. Qxb5 axb5 23. c3 Bxd5 24. Nd4 e5 25. fxe5 dxe5 26. Nc2 Kg7 27. Kg1 Rd8 28. Rfe1 f6 29. Nb4 Bb7 30. Rad1 Kf7 31. Kf2 Ke6 32. g3 h5 33. Ke3 g5 34. Nd3 Rdc8 35. Rd2 f5 36. h4 f4+ 37. gxf4 e4 38. Nf2 gxf4+ 39. Kxf4 Rf8+ 40. Kg5 Rf5+ 41. Kg6 Re5 42. Rde2 Rg8+ 43. Kh7 Kf7 44. Nxe4 Rg7+ 45. Kh6 Rg6+ 46. Kh7 Rg7+ 47. Kh6 Bxe4 48. Rf1+ Rf5 49. Ref2 Rg6+ 50. Kh7 Rgf6 51. Rxf5 Bxf5+ 52. Rxf5 Rxf5 53. Kh6 Kf6 0-1


[Site "https://www.chess.com"]

[Event "Titled Tuesday Blitz December 7 2021"]
[White "Maksimenko, Viktor"]
[Black "Berezin, Viktor"]
[WhiteFideId "13710478"]
[BlackFideId "14107872"]
[WhiteElo "2269"]
[BlackElo "2310"]
[Result "1-0"]
[Round "04"]
[TimeControl "180+1"]
[Date "2021.12.07"]
[WhiteClock "0:00:42"]
[BlackClock "0:00:04"]

1. d4 Nf6 2. c4 g6 3. Nc3 Bg7 4. e4 d6 5. Be2 O-O 6. Be3 a6 7. a4 a5 8. Nf3 c6 9. h3 Nbd7 10. O-O e5 11. d5 c5 12. Ne1 Ne8 13. Nd3 f5 14. f4 fxe4 15. Nxe4 exf4 16. Nxf4 Ndf6 17. Ng5 Nc7 18. Bf3 Re8 19. Bf2 Bd7 20. Qd2 Bh6 21. Nge6 Nxe6 22. dxe6 Bxe6 23. Nxe6 Bxd2 24. Nxd8 Raxd8 25. Bxb7 Rf8 26. Rad1 Bf4 27. Be1 Nh5 28. Bc3 Ng3 29. Bd5+ Rf7 30. Bxf7+ 1-0


[Site "https://www.chess.com"]

[Event "Titled Tuesday Blitz December 7 2021"]
[White "Maly, Alexey"]
[Black "Guz, Ari"]
[WhiteFideId "14103184"]
[BlackFideId "2825759"]
[WhiteElo "2294"]
[BlackElo "1913"]
[Result "1/2-1/2"]
[Round "04"]
[TimeControl "180+1"]
[Date "2021.12.07"]
[WhiteClock "0:02:33"]
[BlackClock "0:02:37"]

1. d4 d5 2. c4 e6 3. Nf3 a6 4. e3 dxc4 5. Bxc4 b5 6. Be2 Bb7 7. a4 b4 8. O-O Nf6 9. b3 Be7 10. Bb2 O-O 11. Nbd2 a5 12. Nc4 c5 13. Rc1 Nbd7 14. Nfe5 cxd4 15. Qxd4 Nxe5 16. Qxe5 Qd5 17. Qxd5 Bxd5 18. Nb6 Rab8 19. Nxd5 Nxd5 20. Bf3 Bf6 21. Bxd5 Bxb2 22. Rb1 Bc3 23. Bc4 Rfd8 1/2-1/2


[Site "https://www.chess.com"]

[Event "Titled Tuesday Blitz December 7 2021"]
[White "Manukian, Artak"]
[Black "Gontcharov, Vladislav"]
[WhiteFideId "13301373"]
[BlackFideId "4123492"]
[WhiteElo "2396"]
[BlackElo "2503"]
[Result "0-1"]
[Round "04"]
[TimeControl "180+1"]
[Date "2021.12.07"]
[WhiteClock "0:00:02"]
[BlackClock "0:00:10"]

1. e4 e6 2. d4 d5 3. e5 c5 4. c3 Nc6 5. Nf3 Nge7 6. a3 cxd4 7. cxd4 Nf5 8. b4 Nh4 9. Bb2 Nxf3+ 10. Qxf3 Qh4 11. Qg3 Qe4+ 12. Qe3 Qxe3+ 13. fxe3 Be7 14. Nc3 O-O 15. Bd3 f6 16. exf6 Bxf6 17. O-O-O Bd7 18. Kb1 Bg5 19. Rde1 Rf2 20. g3 Raf8 21. h4 Be7 22. Rhf1 R2f3 23. Rg1 Bd6 24. g4 Bg3 25. Re2 Bxh4 26. g5 Rf1+ 27. Rxf1 Rxf1+ 28. Kc2 Rf2 29. Rxf2 Bxf2 30. Kd2 g6 31. b5 Ne7 32. a4 Bh4 33. Ba3 Bxg5 34. Ke2 Kf7 35. e4 Bf6 36. Bxe7 Bxe7 37. exd5 exd5 38. Nxd5 Bd6 39. Be4 Bf5 40. Bxf5 gxf5 41. Ne3 Kf6 42. Kf3 h5 43. Nc4 Ke6 44. Na5 Kd5 45. Nxb7 Be7 0-1


[Site "https://www.chess.com"]

[Event "Titled Tuesday Blitz December 7 2021"]
[White "Materia, Marco"]
[Black "Gasanov, Eldar"]
[WhiteFideId "45150451"]
[BlackFideId "14104466"]
[WhiteElo "2592"]
[BlackElo "2454"]
[Result "0-1"]
[Round "04"]
[TimeControl "180+1"]
[Date "2021.12.07"]
[WhiteClock "0:01:16"]
[BlackClock "0:01:30"]

1. d4 Nf6 2. c4 e6 3. Nf3 Bb4+ 4. Nbd2 O-O 5. a3 Be7 6. e4 d6 7. Qc2 Nfd7 8. Nb1 e5 9. d5 a5 10. Nc3 Nc5 11. Be3 Nba6 12. Nd2 f5 13. f3 Bh4+ 14. g3 Bg5 15. f4 exf4 16. gxf4 Bh4+ 17. Kd1 fxe4 18. Ncxe4 Bf5 19. Bg2 Qe7 20. Bxc5 Nxc5 21. Ke2 Bxe4 22. Nxe4 Rxf4 23. Ke3 Bg5 0-1


[Site "https://www.chess.com"]

[Event "Titled Tuesday Blitz December 7 2021"]
[White "Mezentsev, Ivan"]
[Black "Gelman, Alexander"]
[WhiteFideId "13706195"]
[BlackFideId "4118316"]
[WhiteElo "2295"]
[BlackElo "2375"]
[Result "1/2-1/2"]
[Round "04"]
[TimeControl "180+1"]
[Date "2021.12.07"]
[WhiteClock "0:00:10"]
[BlackClock "0:00:09"]

1. d4 Nf6 2. Nf3 c5 3. d5 e6 4. c4 b5 5. a4 bxc4 6. Nc3 exd5 7. Nxd5 Bb7 8. e4 Nxd5 9. exd5 Be7 10. Bxc4 O-O 11. O-O d6 12. a5 Nd7 13. Bf4 Rb8 14. Re1 Re8 15. Qd3 h6 16. Bb5 Bf8 17. h3 Rxe1+ 18. Rxe1 Nf6 19. a6 Bxd5 20. Nd2 Qb6 21. Bc4 Ba8 22. b3 Rd8 23. Qg3 d5 24. Bc7 Qc6 25. Bxd8 dxc4 26. Nxc4 Ne4 27. Qf3 Qxa6 28. Rxe4 Qg6 29. Nd2 Qd6 30. Qe3 Bxe4 31. Nxe4 Qxd8 32. g4 Qd4 33. Qxd4 cxd4 34. Kf1 g6 35. Ke2 f5 36. gxf5 gxf5 37. Nd2 Kf7 38. Kd3 Bc5 39. Nf3 Kg6 40. Nxd4 Bxd4 41. Kxd4 Kg5 42. Ke5 Kh4 43. Kxf5 Kxh3 44. Kg6 Kg4 45. Kxh6 Kf3 46. Kg6 Kxf2 47. Kf5 Ke3 48. Ke5 Kd3 49. Kd5 Kc3 50. Kc5 Kxb3 51. Kb5 a6+ 52. Kxa6 1/2-1/2


[Site "https://www.chess.com"]

[Event "Titled Tuesday Blitz December 7 2021"]
[White "Mickiewicz, Piotr"]
[Black "Pakleza, Zbigniew"]
[WhiteFideId "1114891"]
[BlackFideId "1119290"]
[WhiteElo "2266"]
[BlackElo "2526"]
[Result "0-1"]
[Round "04"]
[TimeControl "180+1"]
[Date "2021.12.07"]
[WhiteClock "0:00:03"]
[BlackClock "0:00:27"]

1. e4 d6 2. d4 Nf6 3. Nc3 c6 4. f4 Qb6 5. Nf3 Bg4 6. e5 Nd5 7. Be2 e6 8. O-O Nxc3 9. bxc3 Nd7 10. Kh1 d5 11. a4 Qa5 12. Bd2 Qc7 13. a5 Be7 14. Qe1 O-O 15. Qg3 Bf5 16. Bd3 Rfe8 17. Bxf5 exf5 18. Qh3 g6 19. g4 fxg4 20. Qxg4 f5 21. exf6 Nxf6 22. Qe6+ Kh8 23. Ne5 Ne4 24. f5 Bf6 25. Qf7 Qxf7 26. Nxf7+ Kg7 27. fxg6 Nxd2 0-1


[Site "https://www.chess.com"]

[Event "Titled Tuesday Blitz December 7 2021"]
[White "Mitusov, Semen"]
[Black "Bacrot, Etienne"]
[WhiteFideId "14151049"]
[BlackFideId "605506"]
[WhiteElo "2246"]
[BlackElo "2673"]
[Result "0-1"]
[Round "04"]
[TimeControl "180+1"]
[Date "2021.12.07"]
[WhiteClock "0:00:01"]
[BlackClock "0:00:05"]

1. e4 c5 2. c3 Nf6 3. e5 Nd5 4. d4 d6 5. Nf3 e6 6. a3 cxd4 7. cxd4 Nc6 8. Bd3 b6 9. O-O Bb7 10. Qe2 Be7 11. Rd1 Qc7 12. Bd2 g5 13. Nc3 Nxc3 14. Bxc3 g4 15. Nd2 dxe5 16. dxe5 O-O-O 17. Nc4 Rhg8 18. Bxh7 Rh8 19. Nd6+ Kb8 20. Nxb7 Rxd1+ 21. Rxd1 Rxh7 22. Nd6 f5 23. Nb5 Qc8 24. Qc4 Bc5 25. b4 Nxb4 26. Qb3 Nd5 27. Bb4 Bxb4 28. axb4 Qh8 29. Rxd5 exd5 30. Qxd5 Qc8 31. g3 Rd7 32. Nd6 Qc1+ 33. Kg2 a6 34. Qg8+ Ka7 35. Qd5 Qc7 36. b5 a5 37. Qe6 Rd8 38. Qxf5 Kb8 39. Qxg4 Qc5 40. Qe4 Qc7 41. Qf3 Qe7 0-1


[Site "https://www.chess.com"]

[Event "Titled Tuesday Blitz December 7 2021"]
[White "Moskalenko, Alexander"]
[Black "Kozionov, Kirill"]
[WhiteFideId "4155351"]
[BlackFideId "24101729"]
[WhiteElo "2515"]
[BlackElo "2426"]
[Result "1-0"]
[Round "04"]
[TimeControl "180+1"]
[Date "2021.12.07"]
[WhiteClock "0:02:14"]
[BlackClock "0:01:14"]

1. e4 c5 2. f4 d5 3. exd5 Nf6 4. Bb5+ Nbd7 5. c4 a6 6. Ba4 b5 7. cxb5 Nxd5 8. Nc3 Nb4 9. d4 e6 10. Be3 Qa5 11. Nf3 axb5 12. Bxb5 Ba6 13. Bxd7+ Kxd7 14. Ne5+ Ke8 15. a3 Nd5 16. dxc5 Bxc5 17. Bxc5 Qxc5 18. Qa4+ 1-0


[Site "https://www.chess.com"]

[Event "Titled Tuesday Blitz December 7 2021"]
[White "Myshakov, Fyodor"]
[Black "Korchmar, Vasiliy"]
[WhiteFideId "14111284"]
[BlackFideId "24131750"]
[WhiteElo "2310"]
[BlackElo "2370"]
[Result "1-0"]
[Round "04"]
[TimeControl "180+1"]
[Date "2021.12.07"]
[WhiteClock "0:00:11"]
[BlackClock "0:00:01"]

1. c4 c6 2. Nc3 d5 3. cxd5 cxd5 4. d4 Nf6 5. Nf3 Nc6 6. Bf4 Bf5 7. e3 e6 8. Bb5 Be7 9. Ne5 Qb6 10. Qa4 O-O 11. Bxc6 Qxb2 12. O-O bxc6 13. Nxc6 Ba3 14. Nb5 Bc2 15. Qxa3 Qxb5 16. Ne5 a5 17. Rac1 Rac8 18. h3 Ne4 19. Rfe1 Qb4 20. Qxb4 axb4 21. Re2 Ba4 22. Rxc8 Rxc8 23. Rb2 g5 24. Bg3 h5 25. h4 g4 26. Rxb4 Rc1+ 27. Kh2 Nd2 28. Bf4 Nf1+ 29. Kg1 Ng3+ 30. Kh2 Nf1+ 31. Kg1 Bc2 32. Rb8+ Kg7 33. e4 Ng3+ 34. Bxc1 1-0


[Site "https://www.chess.com"]

[Event "Titled Tuesday Blitz December 7 2021"]
[White "Nakamura, Hikaru"]
[Black "Obolenskikh, Dmitry"]
[WhiteFideId "2016192"]
[BlackFideId "4156013"]
[WhiteElo "2884"]
[BlackElo "2512"]
[Result "1-0"]
[Round "04"]
[TimeControl "180+1"]
[Date "2021.12.07"]
[WhiteClock "0:01:08"]
[BlackClock "0:01:14"]

1. Nf3 d5 2. e3 Nf6 3. c4 c6 4. d4 Bf5 5. Nc3 e6 6. Nh4 Bg4 7. Qb3 Qb6 8. h3 Bh5 9. Bd2 Nbd7 10. g4 Bg6 11. Nxg6 hxg6 12. Bg2 g5 13. c5 Qxb3 14. axb3 a6 15. b4 Rc8 16. f4 Nh7 17. Bf1 Be7 18. Bd3 gxf4 19. exf4 g6 20. Kf2 Bf6 21. Ne2 Ke7 22. g5 Bg7 23. h4 Rcg8 24. Rag1 Nhf8 25. Be3 f6 26. Nc1 Rh7 27. Ne2 Rgh8 28. Kg3 Kf7 29. Rf1 Ke8 30. Bc2 e5 31. fxe5 fxe5 32. Kg4 exd4 33. Bxd4 Ne5+ 34. Bxe5 Bxe5 35. Nf4 Bxf4 36. Rxf4 Re7 37. Rhf1 Rg8 38. Rxf8+ Rxf8 39. Bxg6+ Rff7 40. h5 Kf8 41. Bxf7 Rxf7 42. Rxf7+ Kxf7 43. Kf5 Kg7 44. h6+ Kh7 45. b3 Kg8 46. g6 Kh8 47. Kf6 d4 48. Kf7 d3 49. g7+ Kh7 50. g8=Q+ Kxh6 51. Qg6# 1-0


[Site "https://www.chess.com"]

[Event "Titled Tuesday Blitz December 7 2021"]
[White "Nazaretyan, Tigran"]
[Black "Schuster, Karsten"]
[WhiteFideId "24162345"]
[BlackFideId "4611071"]
[WhiteElo "2192"]
[BlackElo "2367"]
[Result "1-0"]
[Round "04"]
[TimeControl "180+1"]
[Date "2021.12.07"]
[WhiteClock "0:00:43"]
[BlackClock "0:00:08"]

1. d4 d5 2. c4 c6 3. Nf3 Nf6 4. Nc3 a6 5. e3 Bf5 6. Bd3 Bxd3 7. Qxd3 e6 8. a3 b5 9. c5 a5 10. e4 b4 11. axb4 Na6 12. b5 Nb4 13. Qe2 dxe4 14. Nxe4 Qd5 15. Nc3 Qb3 16. O-O Nc2 17. Nd2 Qb4 18. Ra4 Nxd4 19. Qd3 Rd8 20. Rxb4 axb4 21. Nce4 cxb5 22. Nxf6+ gxf6 23. Ne4 Be7 24. Nd6+ Bxd6 25. Qxd4 Be5 26. Qxb4 O-O 27. Bh6 Rd4 28. Qxb5 Rfd8 29. g3 R4d5 30. b4 Bd4 31. Qc4 Rf5 32. Be3 Be5 33. g4 Rf3 34. Kg2 1-0


[Site "https://www.chess.com"]